 Dungeon Crawl Stone Soup version 0.29-a0-322-g68df515428 (webtiles) character file.

Game seed: 5900157522434664086

51 Hubjo the Skirmisher (level 3, -22/30 HPs)
             Began as a Demonspawn Monk on Apr 6, 2022.
             Killed by an exploding orc (24 damage)
             ... ignited by their inner flame
             ... on level 3 of the Dungeon.
             The game lasted 00:03:13 (2450 turns).

Hubjo the Skirmisher (Demonspawn Monk)              Turns: 2450, Time: 00:03:15

Health: -22/30     AC:  4    Str: 11    XL:     3   Next: 58%
Magic:  4/4        EV: 13    Int: 11    God:
Gold:   73         SH:  0    Dex: 17    Spells: 4/4 levels left

rFire   . . .      SeeInvis .   a - +1 short sword
rCold   . . .      Faith    .   (no shield)
rNeg    . . .      Spirit   .   b - +0 robe
rPois   .          Reflect  .   (no helmet)
rElec   .          Harm     .   (no cloak)
rCorr   .          Rampage  .   (no gloves)
Will    .....                   (no boots)
Stlth   ++........              (no amulet)
HPRegen 0.10/turn               (no ring)
MPRegen 0.09/turn               (no ring)

@: no status effects
A: slimy green scales 1
a: no special abilities


You were on level 3 of the Dungeon.
You visited 1 branch of the dungeon, and saw 3 of its levels.

You collected 73 gold pieces.

Inventory:

Hand Weapons
 a - a +1 short sword (weapon)
Armour
 b - a +0 robe (worn)
Scrolls
 d - 3 scrolls of identify {unknown}
 f - a scroll of summoning {unknown}
 h - 3 scrolls of brand weapon {unknown}
 o - a scroll of vulnerability {unknown}
Potions
 e - 2 potions of magic {unknown}
 i - a potion of mutation {unknown}
 j - a potion of curing {unknown}
 l - a potion of brilliance {unknown}


   Skills:
 * Level 3.7 Fighting
 - Level 2.6 Short Blades
 - Level 2.6 Dodging
 * Level 2.7 Stealth
 + Level 1.1 Spellcasting


You had 4 spell levels left.
You didn't know any spells.
Your spell library contained the following spells:

 Spells                   Type           Power      Damage    Failure   Level
 Animate Skeleton         Necr           0%         N/A       32%         1
 Pain                     Necr           0%         1d4       32%         1
 Vampiric Draining        Necr           0%         2d6       67%         3


Dungeon Overview and Level Annotations

Branches:
Dungeon (3/15)

Altars:

Shops:
D:2 :[!


Innate Abilities, Weirdness & Mutations

You are partially covered in slimy green scales. (AC +2)


Message History

You are too injured to fight recklessly!
You are too injured to fight recklessly!
You are too injured to fight recklessly!
You are confused.
You feel invigorated. The orc hits you with a +0 hand axe.
* * * LOW HITPOINT WARNING * * *
You are too confused!
You bump into the rock wall.
The orc priest calls down the wrath of Beogh upon you.
Pain shoots through your body!
* * * LOW HITPOINT WARNING * * *
The orc closely misses you. The orc misses you.
You feel less invigorated.
You feel less confused. The orc hits you but does no damage.
The orc attacks as you move away! The orc misses you.
As you read the scroll labelled ZUOMUWIM ZICI, it crumbles to dust.
You hear a loud clanging noise!
It was a scroll of noise.
The orc misses you.
As you read the scroll labelled DOEQOA ASHRIRARRE, it crumbles to dust.
It is a scroll of enchant weapon.
Your +0 short sword glows red for a moment.
As you read the scroll labelled JERETYM GEAKK, it crumbles to dust.
You feel aware of your surroundings.
You sensed 1 altar.
It was a scroll of magic mapping.
The orc hits you but does no damage. The orc hits you with a +0 hand axe.
* * * LOW HITPOINT WARNING * * *
As you read the scroll labelled YPLIBR FIEF, it crumbles to dust.
The creatures around you are filled with an inner flame!
It was a scroll of immolation.
The orc hits you with a +0 dagger.
* * * LOW HITPOINT WARNING * * *
The orc hits you with a +0 hand axe.
* * * LOW HITPOINT WARNING * * *
You hit the orc.
Flame seeps out of the orc.
The orc is heavily wounded.
The orc priest closely misses you.
The orc is engulfed in blazing flames.
The orc explodes!
The fiery explosion engulfs the orc!!
The fiery explosion engulfs you!!
Ouch! That really hurt!
You die...

#########
#########○)o....#
#.<....##@##..#.#
#.####.##.##..).#*********
#.##.........#.......,,,,*
#(†....##.####.###.##**,<*
#......##...,,.# *,#***,,*
#.#...#######*## *,**,,,,*
#.#.#.# ********,**,**,*
#.....## *,,,,,**,,,,,,,*
###....# *,,...****,,,,,,


You could see an orc priest (inner flame).

Vanquished Creatures
  A dart slug (D:1)
  4 orcs (D:3)
  7 bats
  5 endoplasms
  2 goblins
  5 hobgoblins
  2 jackals (D:1)
  2 quokkas (D:1)
  6 ball pythons
  2 frilled lizards (D:2)
  6 kobolds
  4 rats
46 creatures vanquished.

Notes
Turn   | Place    | Note
-------+----------+-------------------------------------------
     0 | D:1      | Hubjo the Demonspawn Monk began the quest for the Orb.
     0 | D:1      | Reached XP level 1. HP: 18/18 MP: 1/1
   391 | D:1      | Gained mutation: You are partially covered in slimy green
                  | scales. (AC +2) [demonic ancestry]
   391 | D:1      | Reached XP level 2. HP: 23/24 MP: 2/2
  1165 | D:1      | Reached XP level 3. HP: 29/29 MP: 4/4
  1584 | D:2      | Found Oseym's Armour Emporium.
  1603 | D:2      | Found Ditzetips's Distillery.
  1619 | D:2      | Reached skill level 1 in Spellcasting
  1953 | D:2      | Found Igumehoxt's Book Boutique.
  2450 | D:3      | Killed by an exploding orc... ignited by their inner flame

Illustrated notes

Levels and vault maps discovered:
D:1:      wheals_arrival_linesprint, layout_loops_corners
D:2:      layout_rooms, serial_shops, shop_statue, nicolae_shop_trees,
          nicolae_shop_trees
D:3:      layout_loops_cross, hellmonk_ecumenical_altar_leap_of_faith

Skill      XL: |  1  2  3 |
---------------+----------+-----
Stealth        | 2 |  2.7
Spellcasting   | 1 |  1.1
Fighting       | |  3.7
Short Blades   | |  2.6
Dodging        | |  2.6

Action                   || total
-------------------------++-------
Melee: Short sword       ||   127
       Punch             ||     1
  Use: Scroll            ||     4
       Potion            ||     1
 Stab: Sleeping          ||     7
Armor: Robe              ||    30
Dodge: Dodged            ||    90

Table legend: (Time is in decaauts)
 A = Elapsed time spent in this place.
 B = Non-inter-level travel time spent in this place.
 C = Inter-level travel time spent in this place.
 D = Time resting spent in this place.
 E = Time spent auto-exploring this place.
 F = Levels seen in this place.
 G = Mean time per level.
                   A        B        C        D        E       F      G
               +--------+--------+--------+--------+--------+-----+--------+
         Total |   2448 |   2318 |    130 |      0 |   1907 |   3 |  816.0 |
       Dungeon |   2448 |   2318 |    130 |      0 |   1907 |   3 |  816.0 |
               +--------+--------+--------+--------+--------+-----+--------+

Top non-repeatable levels by time:
     D:1: 1522 daAuts
     D:2: 781 daAuts
     D:3: 145 daAuts
